 Dungeon Crawl Stone Soup version 0.29.0-4-gdea44cf6ec (webtiles) character file.

Game seed: 3177181377736205436

36679 qw the Severer (level 13, -6/84 HPs)
             Began as a Gargoyle Berserker on Sept 5, 2022.
             Was an Elder of Trog.
             Mangled by a dire elephant (15 damage)
             ... on level 5 of the Lair of Beasts.
             The game lasted 00:05:35 (15811 turns).

qw the Severer (Gargoyle Berserker)                Turns: 15811, Time: 00:05:35

Health: -6/84      AC: 33    Str: 22    XL:     13   Next: 91%
Magic:  13/13      EV: 10    Int: 10    God:    Trog [****..]
Gold:   983        SH: 11    Dex:  9    Spells: 12/12 levels left

rFire   . . .      SeeInvis .   b - +1 broad axe
rCold   + . .      Faith    .   c - +0 kite shield
rNeg    + . .      Spirit   .   m - +0 plate armour
rPois   inf        Reflect  .   o - +1 helmet
rElec   +          Harm     .   d - +2 cloak
rCorr   .          Rampage  .   (no gloves)
Will    .....                   i - +2 pair of boots
Stlth   ..........              (no amulet)
HPRegen 0.24/turn               q - +4 ring of slaying {mikee}
MPRegen 0.13/turn               r - +4 ring of evasion

@: about to teleport, on berserk cooldown, slowed, very slow
A: sickness immunity, AC +9, negative energy resistance 1, electricity
resistance, torment resistance 1, petrification resistance, cold resistance 1,
weak 1, wild magic 1
a: Renounce Religion, Berserk, Trog's Hand, Brothers in Arms


You were on level 5 of the Lair of Beasts.
You worshipped Trog.
Trog was greatly pleased with you.
You visited 2 branches of the dungeon, and saw 13 of its levels.

You collected 983 gold pieces.


Innate Abilities, Weirdness & Mutations

You are immune to sickness and miasma.
Your stone body is resilient. (AC +9)
You are immune to poison.
You resist negative energy. (rN+)
You are resistant to electric shocks. (rElec)
You are resistant to unholy torment.
You are immune to petrification.
Your flesh is cold resistant. (rC+)
You are weak. (Str -2)
Your spells are a little harder to cast, but a little more powerful.


   Skills:
 - Level 11.0 Fighting
 - Level 15.0 Axes
 - Level 2.1 Throwing
 + Level 10.0 Armour
 - Level 2.4 Dodging
 - Level 12.0 Shields


You had 12 spell levels left.
You didn't know any spells.
Your spell library was empty.

Inventory:

Hand Weapons
 a - a +1 war axe of flaming
 b - a +1 broad axe (weapon)
Armour
 c - a +0 kite shield (worn)
 d - a +2 cloak (worn)
 i - a +2 pair of boots (worn)
 m - a +0 plate armour (worn)
 o - a +1 helmet (worn)
Jewellery
 q - a +4 ring of slaying (left hand) {mikee}
 r - a +4 ring of evasion (right hand)
 Y - the ring of Doubts {rF- rC+++ Will- Str+3 SInv}
   (You acquired it on level 7 of the Dungeon)

   [ring of see invisible]

   Str:       It affects your strength (+3).
   rF:        It makes you vulnerable to fire.
   rC:        It renders you almost immune to cold.
   SInv:      It lets you see invisible.
   Will:      It decreases your willpower.
Scrolls
 e - a scroll of identify
Potions
 f - a potion of haste {unknown}
 g - 4 potions of curing
 j - a potion of mutation
 n - a potion of might {unknown}
 s - a potion of resistance
 t - a potion of cancellation {unknown}
 v - 2 potions of heal wounds

Dungeon Overview and Level Annotations

Branches:
Dungeon (8/15)             Temple (0/1) D:7            Lair (5/5) D:8
  Swamp (0/4) Lair:2       Spider (0/4) Lair:2
  Slime: Lair:4-5

Altars:
Cheibriados
Fedhas

Shops:
D:5 :


Message History

The polar bear claws you but does no damage.
The polar bear claws you. The polar bear bites you!
The polar bear closely misses you.
The polar bear claws you but does no damage.
The dire elephant barely misses you. x2
You hit the polar bear.
The polar bear is almost dead.
You barely miss the polar bear. x2; You hit the dire elephant.
The polar bear barely misses you.
The polar bear claws you but does no damage. x2
The polar bear bites you!
The polar bear claws you but does no damage. x2
The polar bear bites you!
The polar bear claws you but does no damage. x2
You block the polar bear's attack.
The polar bear claws you but does no damage. x2
The polar bear bites you.
The polar bear claws you but does no damage.
You block the polar bear's attack. You block the dire elephant's attack.
The dire elephant trunk-slaps you but does no damage.
The polar bear closely misses you.
The polar bear claws you but does no damage.
The polar bear closely misses you.
15811 ||| READING scroll of teleportation.
As you read the scroll of teleportation, it crumbles to dust.
You feel strangely unstable. The polar bear misses you.
The polar bear closely misses you.
The polar bear claws you but does no damage.
The polar bear closely misses you.
The polar bear claws you but does no damage.
The polar bear closely misses you. You block the polar bear's attack.
The polar bear barely misses you. x2
The dire elephant tramples you but does no damage.
The dire elephant completely misses you.
The polar bear bites you but does no damage.
The polar bear claws you but does no damage.
You block the polar bear's attack. The polar bear bites you.
The polar bear claws you but does no damage. x2
The dire elephant tramples you!
You die...

##P.. ##.. ##### ####..
##..#.##########...#P .
#?...#%##.#.#.#.....#
..###....#.#%.....%%....
#$....h..#.%......#...##
#..hh#.%..#...#.####
#hY@h##%.#######
#.$..#####..# #....
#.... :... ##.... ...
##..... #. ##.#. # ##


You could see a dire elephant, 4 polar bears and a wolf.

Vanquished Creatures
  2 boulder beetles
  3 hydras
  Erica (Lair:1)
  2 bog bodies (Lair:2)
  A wolf spider (Lair:5)
  6 elephants (Lair:5)
  3 black mambas
  18 cane toads
  2 rime drakes
  8 komodo dragons
  A meliai (Lair:2)
  A troll (D:6)
  9 polar bears
  7 dream sheep (Lair:5)
  2 raiju (Lair:5)
  16 blink frogs
  4 wyverns
  36 yaks
  A wraith (D:8)
  6 basilisks
  2 steam dragons
  2 wargs (Lair:5)
  3 swamp worms (Lair:2)
  10 water moccasins
  5 hell hounds (Lair:5)
  2 sky beasts
  An ogre (D:6)
  18 black bears
  10 wolves
  2 centaurs
  5 bullfrogs
  4 scorpions
  3 wights (D:8)
  2 killer bees (Lair:2)
  2 electric eels
  8 howler monkeys
  4 jellies
  3 orc priests
  4 hounds
  Jessica (D:3)
  4 iguanas
  12 hell rats (Lair:5)
  3 orc wizards
  9 adders
  3 gnolls (D:3)
  6 river rats (Lair:5)
  2 shadow imps
  2 white imps (D:6)
  2 ufetubi
  A worm (D:2)
  3 dart slugs
  12 orcs
  4 ball pythons
  9 bats
  8 endoplasms
  2 giant cockroaches
  8 goblins
  7 hobgoblins
  2 jackals (D:3)
  3 kobolds
  2 quokkas (D:3)
  4 frilled lizards
  10 rats
338 creatures vanquished.

Vanquished Creatures (others)
  17 fungi
  52 plants
69 creatures vanquished.

Grand Total: 407 creatures vanquished

Notes
Turn   | Place    | Note
-------+----------+-------------------------------------------
     0 | D:1      | qw the Gargoyle Berserker began the quest for the Orb.
     0 | D:1      | Reached XP level 1. HP: 14/14 MP: 1/1
     0 | D:1      | 0 ||| qw: Version: 0.1-a-104-g96f76f8
     0 | D:1      | 0 ||| qw: Game counter: 5806
     0 | D:1      | 0 ||| qw: Always use a shield: true
     0 | D:1      | 0 ||| qw: Do Orc after D:15 true
     0 | D:1      | 0 ||| qw: Do second Lair branch before Depths: true
     0 | D:1      | 0 ||| qw: Lair rune preference: random
     0 | D:1      | 0 ||| qw: Plans: Normal
     0 | D:1      | 0 ||| PLANNING D:1-11
    63 | D:1      | Reached skill level 3 in Axes
   193 | D:1      | Reached XP level 2. HP: 19/19 MP: 2/2
   603 | D:1      | 603 ||| UPGRADING to +0 kite shield.
   608 | D:1      | 608 ||| DROPPING scarf of shadows.
   609 | D:1      | 609 ||| UPGRADING to +0 scale mail.
   619 | D:1      | 619 ||| DROPPING +0 animal skin.
   620 | D:1      | 620 ||| DROPPING scarf of harm.
   621 | D:1      | 621 ||| DRINKING 2 pink potions.
   725 | D:1      | 725 ||| DROPPING potion of berserk rage.
   813 | D:2      | Reached skill level 1 in Shields
   813 | D:2      | Reached XP level 3. HP: 23/23 MP: 3/3
   984 | D:2      | 984 ||| Stepping ~*~*~tactically~*~*~ (hiding).
  1000 | D:2      | Found a faded altar of an unknown god.
  1136 | D:2      | Reached ** piety under Trog
  1151 | D:2      | 1151 ||| DROPPING +0 club.
  1173 | D:2      | Found a snail-covered altar of Cheibriados.
  1344 | D:2      | 1344 ||| INVOKING Berserk.
  1612 | D:2      | 1612 ||| READING scroll labelled NUOGUE CYBBA.
  1766 | D:3      | Reached XP level 4. HP: 28/28 MP: 4/4
  1878 | D:3      | 1878 ||| DROPPING +0 mace.
  1984 | D:3      | 1984 ||| INVOKING Berserk.
  1986 | D:3      | Reached skill level 3 in Shields
  1989 | D:3      | HP: 10/42 [gnoll/+0 club (2)]
  1997 | D:3      | HP: 4/28 [gnoll/+0 halberd (2)]
  2002 | D:3      | 2002 ||| Stepping ~*~*~tactically~*~*~ (stealth).
  2003 | D:3      | 2003 ||| Stepping ~*~*~tactically~*~*~ (stealth).
  2009 | D:3      | 2009 ||| Stepping ~*~*~tactically~*~*~ (stealth).
  2042 | D:3      | 2042 ||| FLEEEEING.
  2043 | D:3      | 2043 ||| FLEEEEING.
  2044 | D:3      | 2044 ||| FLEEEEING.
  2050 | D:3      | 2050 ||| FLEEEEING.
  2051 | D:3      | 2051 ||| FLEEEEING.
  2052 | D:3      | 2052 ||| FLEEEEING.
  2053 | D:3      | 2053 ||| FLEEEEING.
  2054 | D:3      | 2054 ||| FLEEEEING.
  2060 | D:3      | 2060 ||| FLEEEEING.
  2061 | D:3      | 2061 ||| FLEEEEING.
  2062 | D:3      | 2062 ||| FLEEEEING.
  2063 | D:3      | 2063 ||| FLEEEEING.
  2064 | D:3      | 2064 ||| FLEEEEING.
  2065 | D:3      | 2065 ||| FLEEEEING.
  2066 | D:3      | 2066 ||| FLEEEEING.
  2067 | D:3      | 2067 ||| FLEEEEING.
  2068 | D:3      | 2068 ||| FLEEEEING.
  2069 | D:3      | 2069 ||| FLEEEEING.
  2070 | D:3      | 2070 ||| FLEEEEING.
  2071 | D:3      | 2071 ||| FLEEEEING.
  2072 | D:3      | 2072 ||| FLEEEEING.
  2073 | D:3      | 2073 ||| FLEEEEING.
  2077 | D:3      | 2077 ||| FLEEEEING.
  2078 | D:3      | 2078 ||| FLEEEEING.
  2081 | D:3      | 2081 ||| FLEEEEING.
  2082 | D:3      | 2082 ||| FLEEEEING.
  2083 | D:3      | 2083 ||| FLEEEEING.
  2084 | D:3      | 2084 ||| FLEEEEING.
  2085 | D:3      | 2085 ||| FLEEEEING.
  2086 | D:3      | 2086 ||| FLEEEEING.
  2087 | D:3      | 2087 ||| FLEEEEING.
  2088 | D:3      | 2088 ||| FLEEEEING.
  2089 | D:3      | 2089 ||| FLEEEEING.
  2090 | D:3      | 2090 ||| FLEEEEING.
  2091 | D:3      | 2091 ||| FLEEEEING.
  2092 | D:3      | 2092 ||| FLEEEEING.
  2093 | D:3      | 2093 ||| FLEEEEING.
  2096 | D:3      | 2096 ||| FLEEEEING.
  2097 | D:3      | 2097 ||| FLEEEEING.
  2100 | D:3      | 2100 ||| FLEEEEING.
  2101 | D:3      | 2101 ||| FLEEEEING.
  2102 | D:3      | 2102 ||| FLEEEEING.
  2103 | D:3      | 2103 ||| FLEEEEING.
  2104 | D:3      | 2104 ||| FLEEEEING.
  2105 | D:3      | 2105 ||| FLEEEEING.
  2106 | D:3      | 2106 ||| FLEEEEING.
  2107 | D:3      | 2107 ||| STAIRDANCE
  2246 | D:2      | 2246 ||| UPGRADING to +6 ring of dexterity.
  2294 | D:3      | 2294 ||| Stepping ~*~*~tactically~*~*~ (hiding).
  2502 | D:3      | Reached XP level 5. HP: 32/32 MP: 5/5
  2605 | D:3      | 2605 ||| SWAPPING to +0 war axe.
  2606 | D:3      | 2606 ||| DROPPING +0 hand axe.
  2613 | D:3      | Noticed Jessica
  2618 | D:3      | Killed Jessica
  2808 | D:3      | 2808 ||| READING scroll labelled QYAKU UCUTY.
  2809 | D:3      | 2809 ||| READING scroll labelled PIHICS PIYFUOPS.
  2810 | D:3      | 2810 ||| READING scroll labelled YCECRO AMIA.
  2846 | D:4      | Reached skill level 4 in Axes
  2850 | D:4      | 2850 ||| Stepping ~*~*~tactically~*~*~ (stealth).
  2852 | D:4      | 2852 ||| Stepping ~*~*~tactically~*~*~ (stealth).
  3024 | D:4      | 3024 ||| INVOKING Berserk.
  3028 | D:4      | Reached XP level 6. HP: 35/37 MP: 6/6
  3162 | D:4      | 3162 ||| DROPPING +0 vorpal hand axe.
  3320 | D:4      | 3320 ||| UPGRADING to +2 cloak.
  3325 | D:4      | 3325 ||| UPGRADING to +0 pair of boots.
  3330 | D:4      | 3330 ||| READING scroll labelled IKHUETT LEMAOR.
  3331 | D:4      | 3331 ||| READING scroll labelled FUGECIOMEKH.
  3332 | D:4      | 3332 ||| DRINKING 2 smoky dark potions.
  3352 | D:5      | Entered Level 5 of the Dungeon
  3353 | D:5      | 3353 ||| PLANNING SEWER
  3373 | D:5      | Found Lyleas's Self-Improvement Boutique.
  3447 | D:5      | 3447 ||| Stepping ~*~*~tactically~*~*~ (hiding).
  3545 | D:5      | Reached skill level 5 in Axes
  3632 | D:5      | Reached XP level 7. HP: 41/43 MP: 7/7
  3704 | D:5      | Noticed a steam dragon
  3705 | D:5      | 3705 ||| INVOKING Berserk.
  3712 | D:5      | Killed a steam dragon
  3713 | D:5      | Reached skill level 6 in Shields
  3906 | D:5      | 3906 ||| INVOKING Berserk.
  3933 | D:5      | 3933 ||| RIP SEWER
  4012 | D:5      | 4012 ||| PLANNING D:1-11
  4068 | D:5      | 4068 ||| READING 3 scrolls labelled JOMICR CIPNYGG.
  4069 | D:5      | 4069 ||| READING 2 scrolls of enchant armour.
  4069 | D:5      | 4069 ||| ENCHANTING +0 pair of boots.
  4070 | D:5      | 4070 ||| READING scroll of enchant armour.
  4070 | D:5      | 4070 ||| ENCHANTING +1 pair of boots.
  4072 | D:5      | 4072 ||| READING 2 scrolls of teleportation.
  4095 | D:5      | 4095 ||| INVOKING Berserk.
  4222 | D:5      | 4222 ||| Stepping ~*~*~tactically~*~*~ (hiding).
  4224 | D:5      | 4224 ||| Stepping ~*~*~tactically~*~*~ (hiding).
  4233 | D:5      | Reached skill level 6 in Axes
  4412 | D:5      | 4412 ||| INVOKING Berserk.
  4616 | D:5      | 4616 ||| UPGRADING to +0 helmet.
  4621 | D:5      | 4621 ||| DRINKING 2 metallic golden potions.
  4681 | D:6      | Reached XP level 8. HP: 36/48 MP: 8/8
  4787 | D:6      | 4787 ||| INVOKING Berserk.
  5026 | D:6      | Reached skill level 7 in Axes
  5035 | D:6      | Noticed a troll
  5038 | D:6      | 5038 ||| Stepping ~*~*~tactically~*~*~ (hiding).
  5039 | D:6      | 5039 ||| INVOKING Berserk.
  5047 | D:6      | Killed a troll
  5132 | D:6      | 5132 ||| Stepping ~*~*~tactically~*~*~ (stealth).
  5134 | D:6      | 5134 ||| Stepping ~*~*~tactically~*~*~ (hiding).
  5313 | D:6      | 5313 ||| READING scroll labelled FYUS BYODIMU.
  5314 | D:6      | 5314 ||| READING scroll labelled OJAKKE LEPA.
  5315 | D:6      | 5315 ||| READING 2 scrolls labelled ATRULA HUOLOUHEHY.
  5316 | D:6      | 5316 ||| DRINKING 2 grey potions.
  5317 | D:6      | 5317 ||| DRINKING 2 green potions.
  5318 | D:6      | 5318 ||| DROPPING potion of degeneration.
  5319 | D:6      | 5319 ||| DROPPING potion of flight.
  5320 | D:6      | 5320 ||| DROPPING scroll of blinking.
  5356 | D:7      | Reached skill level 3 in Armour
  5406 | D:7      | 5406 ||| Stepping ~*~*~tactically~*~*~ (stealth).
  5410 | D:7      | 5410 ||| Stepping ~*~*~tactically~*~*~ (hiding).
  5411 | D:7      | 5411 ||| INVOKING Berserk.
  5592 | D:7      | Found a staircase to the Ecumenical Temple.
  5718 | D:7      | Found a flagged portal.
  5745 | D:7      | Reached skill level 1 in Throwing
  5754 | D:7      | Reached XP level 9. HP: 38/54 MP: 9/9
  5998 | D:7      | 5998 ||| UPGRADING to +0 chain mail.
  6008 | D:7      | 6008 ||| DROPPING +0 scale mail.
  6009 | D:7      | 6009 ||| UPGRADING to +4 ring of evasion.
  6010 | D:7      | 6010 ||| UPGRADING to +4 ring of slaying {mikee}.
  6012 | D:7      | 6012 ||| DROPPING +6 ring of dexterity.
  6013 | D:7      | 6013 ||| READING scroll labelled QOPLEO XAESKE.
  6013 | D:7      | Identified a scroll of acquirement
  6013 | D:7      | 6013 ||| ACQUIRING ring of Doubts {rF- rC+++ Will- Str+3
                  | SInv}
  6013 | D:7      | Acquired the ring of Doubts {rF- rC+++ Will- Str+3 SInv}
  6015 | D:7      | 6015 ||| UPGRADING to ring of Doubts {rF- rC+++ Will- Str+3
                  | SInv}.
  6017 | D:7      | 6017 ||| READING 3 scrolls labelled KUAX FEICUTWOEWI.
  6077 | D:7      | 6077 ||| READING scroll labelled HEEKOETZEE.
  6078 | D:7      | 6078 ||| DRINKING 3 sedimented grey potions.
  6079 | D:7      | 6079 ||| DROPPING 2 potions of attraction.
  6080 | D:7      | 6080 ||| DROPPING 2 scrolls of torment.
  6185 | D:8      | 6185 ||| Stepping ~*~*~tactically~*~*~ (stealth).
  6203 | D:8      | 6203 ||| INVOKING Berserk.
  6208 | D:8      | Reached skill level 8 in Axes
  6211 | D:8      | Reached skill level 6 in Fighting
  6229 | D:8      | HP: 11/56 [water moccasin (7)]
  6230 | D:8      | 6230 ||| READING scroll of teleportation.
  6231 | D:8      | 6231 ||| DRINKING 2 potions of heal wounds.
  6415 | D:8      | Reached *** piety under Trog
  6417 | D:8      | 6417 ||| Stepping ~*~*~tactically~*~*~ (stealth).
  6418 | D:8      | 6418 ||| INVOKING Berserk.
  6430 | D:8      | 6430 ||| Stepping ~*~*~tactically~*~*~ (stealth).
  6554 | D:8      | 6554 ||| Stepping ~*~*~tactically~*~*~ (stealth).
  6592 | D:8      | 6592 ||| INVOKING Berserk.
  6594 | D:8      | Reached skill level 9 in Axes
  6595 | D:8      | Reached XP level 10. HP: 41/61 MP: 10/10
  6613 | D:8      | HP: 10/61 [acid (8)]
  6614 | D:8      | 6614 ||| DRINKING potion of heal wounds.
  6827 | D:8      | 6827 ||| Stepping ~*~*~tactically~*~*~ (stealth).
  6829 | D:8      | 6829 ||| Stepping ~*~*~tactically~*~*~ (hiding).
  6922 | D:8      | 6922 ||| INVOKING Berserk.
  6933 | D:8      | Reached skill level 9 in Shields
  6938 | D:8      | Found a staircase to the Lair.
  7238 | D:8      | 7238 ||| PLANNING LAIR
  7238 | D:8      | 7238 ||| UPGRADING to +0 plate armour.
  7248 | D:8      | 7248 ||| DROPPING +0 chain mail.
  7249 | D:8      | 7249 ||| READING scroll labelled PIGOPARUPH.
  7250 | D:8      | 7250 ||| DROPPING +0 flail.
  7281 | Lair:1   | Entered Level 1 of the Lair of Beasts
  7285 | Lair:1   | 7285 ||| INVOKING Berserk.
  7306 | Lair:1   | Reached skill level 6 in Armour
  7314 | Lair:1   | Reached skill level 10 in Axes
  7482 | Lair:1   | 7482 ||| INVOKING Berserk.
  7616 | Lair:1   | Noticed a cane toad
  7616 | Lair:1   | Noticed a cane toad
  7617 | Lair:1   | 7617 ||| Stepping ~*~*~tactically~*~*~ (stealth).
  7622 | Lair:1   | 7622 ||| INVOKING Berserk.
  7623 | Lair:1   | Noticed a cane toad
  7628 | Lair:1   | Killed a cane toad
  7632 | Lair:1   | Killed a cane toad
  7633 | Lair:1   | Reached XP level 11. HP: 68/68 MP: 11/11
  7655 | Lair:1   | 7655 ||| Stepping ~*~*~tactically~*~*~ (stealth).
  7659 | Lair:1   | 7659 ||| Stepping ~*~*~tactically~*~*~ (stealth).
  7661 | Lair:1   | 7661 ||| Stepping ~*~*~tactically~*~*~ (stealth).
  7662 | Lair:1   | 7662 ||| Stepping ~*~*~tactically~*~*~ (stealth).
  7681 | Lair:1   | 7681 ||| Stepping ~*~*~tactically~*~*~ (stealth).
  7689 | Lair:1   | 7689 ||| Stepping ~*~*~tactically~*~*~ (stealth).
  7691 | Lair:1   | 7691 ||| Stepping ~*~*~tactically~*~*~ (stealth).
  7729 | Lair:1   | 7729 ||| INVOKING Berserk.
  7761 | Lair:1   | 7761 ||| Stepping ~*~*~tactically~*~*~ (stealth).
  7803 | Lair:1   | 7803 ||| Stepping ~*~*~tactically~*~*~ (stealth).
  7804 | Lair:1   | 7804 ||| Stepping ~*~*~tactically~*~*~ (stealth).
  7805 | Lair:1   | 7805 ||| Stepping ~*~*~tactically~*~*~ (stealth).
  7811 | Lair:1   | Reached skill level 11 in Axes
  7832 | Lair:1   | Noticed Erica
  7833 | Lair:1   | 7833 ||| Stepping ~*~*~tactically~*~*~ (hiding).
  7836 | Lair:1   | 7836 ||| INVOKING Berserk.
  7842 | Lair:1   | Killed Erica
  7989 | Lair:1   | 7989 ||| INVOKING Berserk.
  8212 | Lair:1   | 8212 ||| INVOKING Berserk.
  8383 | Lair:1   | Found a blossoming altar of Fedhas.
  8448 | Lair:1   | Reached skill level 9 in Fighting
  8452 | Lair:1   | 8452 ||| INVOKING Berserk.
  8660 | Lair:1   | 8660 ||| INVOKING Berserk.
  8802 | Lair:1   | 8802 ||| INVOKING Berserk.
  8937 | Lair:1   | Noticed a seven-headed hydra
  8938 | Lair:1   | 8938 ||| INVOKING Berserk.
  8943 | Lair:1   | Killed a three-headed hydra
  9142 | Lair:1   | 9142 ||| INVOKING Berserk.
  9606 | Lair:2   | 9606 ||| Stepping ~*~*~tactically~*~*~ (stealth).
  9608 | Lair:2   | 9608 ||| Stepping ~*~*~tactically~*~*~ (stealth).
  9611 | Lair:2   | 9611 ||| Stepping ~*~*~tactically~*~*~ (stealth).
  9612 | Lair:2   | 9612 ||| Stepping ~*~*~tactically~*~*~ (stealth).
  9613 | Lair:2   | 9613 ||| Stepping ~*~*~tactically~*~*~ (stealth).
  9615 | Lair:2   | 9615 ||| INVOKING Berserk.
  9624 | Lair:2   | Reached skill level 12 in Axes
  9624 | Lair:2   | Reached XP level 12. HP: 76/76 MP: 12/12
  9713 | Lair:2   | 9713 ||| INVOKING Berserk.
  9728 | Lair:2   | 9728 ||| Stepping ~*~*~tactically~*~*~ (stealth).
  9896 | Lair:2   | 9896 ||| SWAPPING to +2 vampiric hand axe.
  9917 | Lair:2   | 9917 ||| SWAPPING to +0 broad axe.
  9918 | Lair:2   | 9918 ||| DROPPING +2 vampiric hand axe.
  9950 | Lair:2   | Found a hole to the Spider Nest.
  9951 | Lair:2   | 9951 ||| INVOKING Berserk.
 10413 | Lair:2   | 10413 ||| INVOKING Berserk.
 10419 | Lair:2   | Reached skill level 9 in Armour
 10497 | Lair:2   | Found a staircase to the Swamp.
 10785 | Lair:3   | 10785 ||| INVOKING Berserk.
 10800 | Lair:3   | 10800 ||| STAIRDANCE
 10933 | Lair:3   | 10933 ||| INVOKING Berserk.
 10943 | Lair:3   | 10943 ||| STAIRDANCE
 11001 | Lair:3   | 11001 ||| STAIRDANCE
 11003 | Lair:2   | 11003 ||| INVOKING Berserk.
 11139 | Lair:3   | 11139 ||| STAIRDANCE
 11150 | Lair:3   | 11150 ||| STAIRDANCE
 11152 | Lair:2   | 11152 ||| INVOKING Berserk.
 11261 | Lair:3   | 11261 ||| INVOKING Berserk.
 11270 | Lair:3   | 11270 ||| FLEEEEING.
 11271 | Lair:3   | 11271 ||| FLEEEEING.
 11272 | Lair:3   | 11272 ||| STAIRDANCE
 11307 | Lair:3   | 11307 ||| INVOKING Berserk.
 11313 | Lair:3   | 11313 ||| STAIRDANCE
 11524 | Lair:3   | 11524 ||| Stepping ~*~*~tactically~*~*~ (hiding).
 11563 | Lair:3   | 11563 ||| READING scroll of enchant armour.
 11563 | Lair:3   | 11563 ||| ENCHANTING +0 helmet.
 11589 | Lair:3   | 11589 ||| INVOKING Berserk.
 11730 | Lair:3   | 11730 ||| INVOKING Berserk.
 12027 | Lair:3   | 12027 ||| READING 2 scrolls labelled LUATYNW PESCHI.
 12128 | Lair:3   | 12128 ||| DRINKING 2 inky potions.
 12129 | Lair:3   | 12129 ||| READING 2 scrolls of identify.
 12129 | Lair:3   | 12129 ||| IDENTIFYING bubbling silvery potion
 12130 | Lair:3   | 12130 ||| DROPPING potion of ambrosia.
 12131 | Lair:3   | 12131 ||| DROPPING scroll of silence.
 12132 | Lair:3   | 12132 ||| DROPPING potion of magic.
 12180 | Lair:4   | 12180 ||| Stepping ~*~*~tactically~*~*~ (stealth).
 12306 | Lair:4   | 12306 ||| INVOKING Berserk.
 12532 | Lair:4   | Noticed a four-headed hydra
 12533 | Lair:4   | 12533 ||| Stepping ~*~*~tactically~*~*~ (stealth).
 12538 | Lair:4   | 12538 ||| SWAPPING to +1 war axe of flaming.
 12540 | Lair:4   | 12540 ||| INVOKING Berserk.
 12543 | Lair:4   | Killed a one-headed hydra
 12548 | Lair:4   | 12548 ||| SWAPPING to +0 broad axe.
 12754 | Lair:4   | Reached skill level 13 in Axes
 12842 | Lair:4   | Noticed a seven-headed hydra
 12844 | Lair:4   | 12844 ||| SWAPPING to +1 war axe of flaming.
 12845 | Lair:4   | 12845 ||| INVOKING Berserk.
 12851 | Lair:4   | Killed a two-headed hydra
 12861 | Lair:4   | 12861 ||| SWAPPING to +0 broad axe.
 12990 | Lair:4   | 12990 ||| INVOKING Berserk.
 13139 | Lair:4   | Noticed a boulder beetle
 13144 | Lair:4   | 13144 ||| INVOKING Berserk.
 13153 | Lair:4   | Killed a boulder beetle
 13207 | Lair:4   | 13207 ||| INVOKING Berserk.
 13233 | Lair:4   | Reached XP level 13. HP: 81/82 MP: 13/13
 13377 | Lair:4   | 13377 ||| Stepping ~*~*~tactically~*~*~ (stealth).
 13669 | Lair:4   | 13669 ||| DRINKING 2 yellow potions.
 13670 | Lair:4   | 13670 ||| DRINKING 2 coppery potions.
 13670 | Lair:4   | Gained mutation: You are weak. (Str -2) [potion of
                  | mutation]
 13670 | Lair:4   | Gained mutation: Your flesh is cold resistant. (rC+)
                  | [potion of mutation]
 13670 | Lair:4   | Gained mutation: Your spells are a little harder to cast,
                  | but a little more powerful. [potion of mutation]
 13671 | Lair:4   | 13671 ||| UPGRADING to +4 ring of slaying {mikee}.
 13673 | Lair:4   | 13673 ||| DROPPING potion of invisibility.
 13698 | Lair:5   | Entered Level 5 of the Lair of Beasts
 13739 | Lair:5   | 13739 ||| INVOKING Berserk.
 13743 | Lair:5   | Reached **** piety under Trog
 13908 | Lair:5   | 13908 ||| Stepping ~*~*~tactically~*~*~ (stealth).
 13910 | Lair:5   | 13910 ||| Stepping ~*~*~tactically~*~*~ (stealth).
 13930 | Lair:5   | 13930 ||| Stepping ~*~*~tactically~*~*~ (stealth).
 14004 | Lair:5   | 14004 ||| Stepping ~*~*~tactically~*~*~ (stealth).
 14006 | Lair:5   | 14006 ||| Stepping ~*~*~tactically~*~*~ (stealth).
 14009 | Lair:5   | Reached skill level 14 in Axes
 14100 | Lair:5   | 14100 ||| READING scroll of enchant weapon.
 14100 | Lair:5   | 14100 ||| ENCHANTING +0 broad axe.
 14170 | Lair:5   | 14170 ||| INVOKING Berserk.
 14286 | Lair:5   | 14286 ||| INVOKING Berserk.
 14412 | Lair:5   | 14412 ||| INVOKING Berserk.
 14867 | Lair:5   | 14867 ||| INVOKING Berserk.
 14871 | Lair:5   | Reached skill level 12 in Shields
 14921 | Lair:5   | 14921 ||| FLEEEEING.
 14922 | Lair:5   | 14922 ||| FLEEEEING.
 14923 | Lair:5   | 14923 ||| FLEEEEING.
 14924 | Lair:5   | 14924 ||| FLEEEEING.
 14925 | Lair:5   | 14925 ||| FLEEEEING.
 14926 | Lair:5   | 14926 ||| FLEEEEING.
 14927 | Lair:5   | 14927 ||| FLEEEEING.
 14928 | Lair:5   | 14928 ||| FLEEEEING.
 14929 | Lair:5   | 14929 ||| FLEEEEING.
 14930 | Lair:5   | 14930 ||| FLEEEEING.
 14931 | Lair:5   | 14931 ||| FLEEEEING.
 14932 | Lair:5   | 14932 ||| FLEEEEING.
 14933 | Lair:5   | 14933 ||| FLEEEEING.
 14934 | Lair:5   | 14934 ||| FLEEEEING.
 14935 | Lair:5   | 14935 ||| FLEEEEING.
 14936 | Lair:5   | 14936 ||| FLEEEEING.
 14937 | Lair:5   | 14937 ||| FLEEEEING.
 14938 | Lair:5   | 14938 ||| FLEEEEING.
 14939 | Lair:5   | 14939 ||| FLEEEEING.
 14940 | Lair:5   | 14940 ||| FLEEEEING.
 14941 | Lair:5   | 14941 ||| FLEEEEING.
 14942 | Lair:5   | 14942 ||| FLEEEEING.
 14943 | Lair:5   | 14943 ||| FLEEEEING.
 14944 | Lair:5   | 14944 ||| FLEEEEING.
 14945 | Lair:5   | 14945 ||| FLEEEEING.
 14946 | Lair:5   | 14946 ||| FLEEEEING.
 14947 | Lair:5   | 14947 ||| FLEEEEING.
 14948 | Lair:5   | 14948 ||| FLEEEEING.
 14949 | Lair:5   | 14949 ||| FLEEEEING.
 14950 | Lair:5   | 14950 ||| FLEEEEING.
 14951 | Lair:5   | 14951 ||| FLEEEEING.
 14952 | Lair:5   | 14952 ||| FLEEEEING.
 14953 | Lair:5   | 14953 ||| FLEEEEING.
 15067 | Lair:5   | 15067 ||| FLEEEEING.
 15074 | Lair:5   | 15074 ||| STAIRDANCE
 15111 | Lair:4   | 15111 ||| DRINKING 2 viscous white potions.
 15124 | Lair:5   | 15124 ||| Stepping ~*~*~tactically~*~*~ (stealth).
 15234 | Lair:5   | 15234 ||| Stepping ~*~*~tactically~*~*~ (hiding).
 15380 | Lair:5   | 15380 ||| INVOKING Berserk.
 15513 | Lair:5   | 15513 ||| Stepping ~*~*~tactically~*~*~ (stealth).
 15515 | Lair:5   | 15515 ||| Stepping ~*~*~tactically~*~*~ (stealth).
 15516 | Lair:5   | 15516 ||| INVOKING Berserk.
 15536 | Lair:5   | 15536 ||| Stepping ~*~*~tactically~*~*~ (hiding).
 15556 | Lair:5   | 15556 ||| Stepping ~*~*~tactically~*~*~ (stealth).
 15781 | Lair:5   | 15781 ||| Stepping ~*~*~tactically~*~*~ (stealth).
 15784 | Lair:5   | 15784 ||| INVOKING Berserk.
 15795 | Lair:5   | Noticed a dire elephant
 15799 | Lair:5   | Reached skill level 15 in Axes
 15810 | Lair:5   | HP: 13/84 [polar bear (15)]
 15811 | Lair:5   | 15811 ||| READING scroll of teleportation.
 15811 | Lair:5   | Mangled by a dire elephant

Levels and vault maps discovered:
D:1:      ncdulo_wetmaze, layout_rooms
D:2:      layout_loops_cross, basic_altar, ebering_ecumenical_altar_box
D:3:      layout_basic, uniq_jessica
D:4:      layout_rooms
D:5:      layout_basic, cheibrodos_sewer_entry_bend, nicolae_shop_self_help
D:6:      layout_basic
D:7:      layout_basic, minmay_temple_entry_junction_2, enter_bailey_3
D:8:      layout_loops_ring, minmay_lair_entry_grove,
          hangedman_decor_clover_reticule, nrook_loot_triangle, minivault_10
Lair:1:   layout_regular_city, basic_altar, beast_lair_carwin_6,
          grunt_megastairs_1, serial_bayou_shore_b, infiniplex_staircase_pool,
          uniq_erica
Lair:2:   layout_regular_city, nicolae_swamp_entry_splash_gauntlet,
          hellmonk_spider_entry_not_the_bees, wad_woods_03, grunt_megastairs_5,
          lemuel_fruit_fields, lemuel_fruit_tree
Lair:3:   layout_misc_corridors
Lair:4:   layout_hall_layers
Lair:5:   hangedman_lair_caniforms_friends, layout_gridlike, slime_entry_1,
          minmay_lair_oklob_items, kennysheep_abandoned_house

Skill      XL: |  1  2  3  4  5  6  7  8  9 10 11 12 13 |
---------------+----------------------------------------+-----
Axes           | 3 4 5 6 7 9 10 12 13 15 | 15.0
Shields        | 1 2 4 5 6 7 8 9 10 11 12 | 12.0
Fighting       | 4 5 6 8 9 10 11 | 11.0
Armour         | 3 4 7 8 10 | 10.0
Throwing       | 1 2 |  2.1
Dodging        | 2 |  2.4

Action                   |  1- 3 |  4- 6 |  7- 9 | 10-12 | 13-15 || total
-------------------------+-------+-------+-------+-------+-------++-------
Melee: Hand axe          |   107 |    45 |       |       |       ||   152
       War axe           |       |    69 |   225 |   269 |       ||   563
       Broad axe         |       |       |       |   155 |   330 ||   485
Throw: Boomerang         |       |     8 |    28 |    66 |     9 ||   111
Invok: Berserk           |     1 |     2 |    10 |    31 |     8 ||    52
  Use: Potion            |     1 |     1 |     5 |     2 |     3 ||    12
       Scroll            |     1 |     5 |    11 |     4 |     2 ||    23
Armor: Animal skin       |     5 |       |       |       |       ||     5
       Scale mail        |    30 |    55 |    67 |       |       ||   152
       Chain mail        |       |       |    82 |    29 |       ||   111
       Plate armour      |       |       |       |   190 |   290 ||   480
Dodge: Dodged            |    42 |    30 |    94 |   183 |   170 ||   519
Block: Kite shield       |    24 |    64 |   120 |   221 |   221 ||   650

Table legend:
 A = Non-vault XP
 B = Vault XP
 C = Vault XP percentage of total XP
 D = Non-vault monster count
 E = Vault monster count
 F = Vault count percentage of total count
                 A         B        C        D         E       F
            +---------+---------+-------+---------+---------+-------
      Total |   37353 |   15046 |  28.7 |     253 |      85 |  25.1
            +---------+---------+-------+---------+---------+-------
        D:1 |      25 |       0 |   0.0 |      14 |       0 |   0.0
        D:2 |      53 |       0 |   0.0 |      21 |       0 |   0.0
        D:3 |     104 |      37 |  26.2 |      23 |       1 |   4.2
        D:4 |     127 |       0 |   0.0 |      11 |       0 |   0.0
        D:5 |     817 |       0 |   0.0 |      15 |       0 |   0.0
        D:6 |     653 |       0 |   0.0 |       9 |       0 |   0.0
        D:7 |     622 |       8 |   1.3 |      14 |       4 |  22.2
        D:8 |    2295 |    1725 |  42.9 |      24 |      12 |  33.3
     Lair:1 |    6344 |    4630 |  42.2 |      30 |      11 |  26.8
     Lair:2 |    1927 |    2773 |  59.0 |       8 |      10 |  55.6
     Lair:3 |    3388 |       0 |   0.0 |      12 |       0 |   0.0
     Lair:4 |    7996 |       0 |   0.0 |      22 |       0 |   0.0
     Lair:5 |   13002 |    5873 |  31.1 |      50 |      47 |  48.5
            +---------+---------+-------+---------+---------+-------
